 Dungeon Crawl Stone Soup version 0.28.0-43-g3370ac3207 (webtiles) character file.

Game seed: 630421614676190629

7 nickcage the Ruffian (level 1, -1/16 HPs)
             Began as a Draconian Transmuter on Mar 29, 2022.
             Slain by a kobold
             ... wielding a +3 short sword
              (3 damage)
             ... on level 1 of the Dungeon.
             The game lasted 00:00:44 (236 turns).

nickcage the Ruffian (Draconian Transmuter)          Turns: 236, Time: 00:00:44

Health: -1/16      AC:  4    Str: 12    XL:     1   Next: 91%
Magic:  3/3        EV: 12    Int: 13    God:
Gold:   40         SH:  0    Dex: 11    Spells: 3/4 levels left

rFire   . . .      SeeInvis .   b - +0 hand axe
rCold   . . .      Faith    .   (no shield)
rNeg    . . .      Spirit   .   (armour unavailable)
rPois   .          Reflect  .   (helmet restricted)
rElec   .          Harm     .   (no cloak)
rCorr   .          Rampage  .   (no gloves)
Will    .....                   (no boots)
Stlth   +.........              (no amulet)
HPRegen 0.05/turn               (no ring)
MPRegen 0.08/turn               (no ring)

@: slowed, very slow
A: AC +4, unfitting armour, cold-blooded
a: no special abilities


You were on level 1 of the Dungeon.
You visited 1 branch of the dungeon, and saw 1 of its levels.

You collected 40 gold pieces.

Inventory:

Hand Weapons
 b - a +0 hand axe (weapon)
Potions
 a - a potion of attraction {unknown}
 c - a potion of ambrosia {unknown}
 d - a potion of might {unknown}


   Skills:
 - Level 1.1 Fighting
 - Level 1.7 Dodging
 - Level 3.0 Unarmed Combat
 - Level 2.0 Spellcasting
 + Level 2.7 Transmutations


You had 3 spell levels left.
You knew the following spells:

 Your Spells              Type           Power      Damage    Failure   Level
a - Beastly Appendage     Tmut           16%        N/A       9%          1

Your spell library contained the following spells:

 Spells                   Type           Power      Damage    Failure   Level
 Wereblood                Tmut           8%         N/A       13%         2
 Spider Form              Tmut/Pois      4%         N/A       41%         3
 Ice Form                 Ice/Tmut       4%         N/A       82%         4


Dungeon Overview and Level Annotations

Branches:
Dungeon (1/15)

Altars:


Innate Abilities, Weirdness & Mutations

Your plain brown scales are hard. (AC +4)
You cannot fit into any form of body armour.
You are cold-blooded and may be slowed by cold attacks.


Message History

A hobgoblin comes into view.
Items here: ( )) †.
You closely miss the hobgoblin.
You claw the hobgoblin, but do no damage.
You headbutt the hobgoblin.
You kill the hobgoblin!
An endoplasm comes into view.
A ball python comes into view.
Found 12 gold pieces.
Things that are here:
15 gold pieces; a hobgoblin corpse A quokka comes into view.
A kobold comes into view. It is wielding a +3 short sword.
The kobold shouts!
The endoplasm quivers.
The endoplasm closely misses you. The ball python closely misses you.
The ball python misses you.
You slash the ball python!
You kill the ball python!
You completely miss the endoplasm.
Your horns disappear.
Your talons disappear.
The endoplasm freezes you.
You are frozen.
You feel yourself slow down. The endoplasm hits you.
You hit the endoplasm but do no damage. You tail-slap the endoplasm.
The endoplasm is almost dead.
You hit the kobold but do no damage. The kobold closely misses you.
The endoplasm freezes you.
You are frozen.
You feel as though you will be slow longer.
The kobold hits you with a +3 short sword.
* * * LOW HITPOINT WARNING * * *
The endoplasm closely misses you.
The quokka bites you but does no damage.
The quokka barely misses you.
Things that are here:
15 gold pieces; a hobgoblin corpse The kobold hits you but does no damage.
Items here: ( )) †.
The kobold hits you with a +3 short sword.
You die...

....##...# #.# #.#
....##...###.# #.#
.>..++.......# #.#
....##...##### #.#
....##...# #.#
....##...# #.#
.........# #.####
#+##....## #....##
#.##....########@#...#
..##....##....rK.....#
..#........##J#####..#
.†#........#!.#.#.#..#
...........##.......##
#..........#.....##.#
#..........##.....#
##...............##
#.........#.#.#.$


You could see an endoplasm, a quokka and a kobold.

Vanquished Creatures
  An endoplasm (D:1)
  A hobgoblin (D:1)
  A ball python (D:1)
  2 frilled lizards (D:1)
  2 kobolds (D:1)
  2 rats (D:1)
9 creatures vanquished.

Notes
Turn   | Place    | Note
-------+----------+-------------------------------------------
     0 | D:1      | nickcage the Draconian Transmuter began the quest for the
                  | Orb.
     0 | D:1      | Reached XP level 1. HP: 16/16 MP: 3/3
   236 | D:1      | Slain by a kobold

Illustrated notes

Levels and vault maps discovered:
D:1:      amcnicky_arrival_gap_in_the_tavern_cellar, layout_basic,
          minmay_misc_feat_doors, minmay_octomino_e4

Action                   || total
-------------------------++-------
Melee: Hand axe          ||     9
       Unarmed           ||     3
       Headbutt          ||     3
       Tailslap          ||     2
       Kick              ||     1
 Cast: Beastly Appendage ||     4
Armor: Skin              ||     3
Dodge: Dodged            ||     8
